 Dungeon Crawl Stone Soup version 0.30-a0-578-gdee14c521f (webtiles) character file.

Game seed: 2612212442199401439

107331 jfcaron the Severer (level 16, -6/147 HPs)
             Began as a Hill Orc Artificer on Jan 1, 2023.
             Was a High Priest of Qazlal.
             Killed by the air
             ... invoked by Nucishy's ghost
              (13 damage)
             ... on level 14 of the Dungeon.
             The game lasted 01:22:12 (21197 turns).

jfcaron the Severer (Hill Orc Artificer)           Turns: 21197, Time: 01:22:13

Health: -6/147     AC: 27    Str: 23    XL:     16   Next: 46%
Magic:  0/27       EV:  7    Int: 11    God:    Qazlal [*****.]
Gold:   39         SH: 28    Dex: 11    Spells: 15/15 levels left

rFire   + + .      SeeInvis .    a - +6 war axe of the Traitor {flame, rPois rF++}
rCold   + . .      Faith    .    f - +1 tower shield {rC+}
rNeg    . . .      Spirit   .    q - +3 plate armour
rPois   +          Reflect  +    R - +0 helmet
rElec   .          Harm     .    H - scarf {shadows}
rCorr   .          Rampage  +    n - +0 pair of gloves
Will    ++...                    t - +0 pair of boots Stlth
                                 y - amulet "Wips" {Reflect Rampage Fly Regen+ SH+5}
HPRegen 1.24/turn                T - ring of willpower
MPRegen 0.20/turn                I - +4 ring of slaying

@: protected from physical damage, flying, repel missiles
A: no striking features
a: Renounce Religion, Upheaval, Elemental Force, Disaster Area


You were on level 14 of the Dungeon.
You worshipped Qazlal.
Qazlal was extremely pleased with you.
You visited 4 branches of the dungeon, and saw 22 of its levels.
You also visited: Sewer and Ice Cave.

You collected 2198 gold pieces.
You spent 2159 gold pieces at shops.

Inventory:

Hand Weapons
 a - the +6 war axe of the Traitor (weapon) {flame, rPois rF++}
   (You found it on level 8 of the Dungeon)

   It burns those it strikes, dealing additional fire damage.
   Big, fiery blades are also staple armaments of hydra-hunters.
   rF:        It greatly protects you from fire.
   rPois:     It protects you from poison.
 b - the +8 trishula "Condemnation" {holy, anguish, *Noise Fly rN+}
   (You found it on level 13 of the Dungeon)

   It has been blessed by the Shining One to cause great damage to the undead
   and demons.
   It inflicts anguish, making its victims' attacks reflect back on them.
   rN:        It protects you from negative energy.
   Fly:       It grants you flight.
   *Noise:    It may make noises in combat.
Missiles
 F - 5 silver javelins {!f}
 J - a throwing net {!f}
 X - 4 curare-tipped darts {!f}
Armour
 f - a +1 tower shield of cold resistance (worn)
   (You found it in an ice cave)
 n - a +0 pair of gloves (worn)
 q - a +3 plate armour (worn)
 t - a +0 pair of boots (worn)
 H - a scarf of shadows (worn)
   (You found it on level 7 of the Dungeon)
 R - a +0 helmet (worn)
Jewellery
 y - the amulet "Wips" (around neck) {Reflect Rampage Fly Regen+ SH+5}
   (You bought it in a shop on level 1 of the Dungeon)

   [amulet of reflection]

   It reflects blocked missile attacks.
   Fly:       It grants you flight.
   Regen:     It increases your rate of health regeneration.
   SH:        It affects your SH (+5).
   Rampage:   It bestows one free step when moving towards enemies.
 z - a ring of see invisible
 C - a ring of ice
   (You took it off a kobold on level 4 of the Dungeon)
 I - a +4 ring of slaying (right hand)
   (You found it on level 1 of the Lair of Beasts)
 T - a ring of willpower (left hand)
   (You found it on level 5 of the Lair of Beasts)
Wands
 d - a wand of charming (14)
 g - a wand of flame (15)
 h - a wand of quicksilver (4)
 x - a wand of roots (18)
   (You found it in a sewer)
 P - a wand of polymorph (3)
 Z - a wand of mindburst (13)
Scrolls
 l - 2 scrolls of vulnerability
 m - 9 scrolls of teleportation
 s - 4 scrolls of fog
 u - a scroll of brand weapon
 A - 6 scrolls of enchant weapon
 B - 2 scrolls of blinking
 K - 2 scrolls of fear
 M - a scroll of summoning
 N - 3 scrolls of poison
 Q - 5 scrolls of immolation
Potions
 c - 9 potions of ambrosia
 i - 4 potions of attraction
 j - 4 potions of lignification
 k - 2 potions of berserk rage
 o - a potion of heal wounds
 p - 3 potions of cancellation
 r - 5 potions of mutation
 v - a potion of resistance
 w - a potion of invisibility
 E - 8 potions of curing
 G - 2 potions of brilliance
 O - 2 potions of flight
 U - 3 potions of magic
 Y - 4 potions of haste
Miscellaneous
 D - a phial of floods
   (You found it in an ice cave)
 L - a condenser vane (inert)
   (You found it in an ice cave)
 S - a lightning rod (1/4)
   (You found it on level 2 of the Lair of Beasts)
 W - a box of beasts (inert)
   (You found it on level 5 of the Lair of Beasts)


   Skills:
 - Level 14.7 Fighting
 - Level 18.0 Axes
 - Level 5.0 Throwing
 - Level 14.1 Armour
 - Level 7.0 Dodging
 - Level 1.0 Stealth
 + Level 10.2 Shields
 - Level 15.0 Invocations
 - Level 7.0 Evocations


You had 15 spell levels left.
You didn't know any spells.
Your spell library contained the following spells:

 Spells                   Type           Power      Damage    Failure   Level
 Freeze                   Ice            0%         1d3       100%        1
 Necrotise                Necr           0%         1d4       100%        1
 Sandblast                Erth           0%         2d4       100%        1
 Summon Small Mammal      Summ           0%         N/A       100%        1
 Passwall                 Tmut/Erth      0%         N/A       100%        2
 Static Discharge         Conj/Air       0%         2-2/arc   100%        2
 Sublimation of Blood     Necr           0%         N/A       100%        2
 Call Canine Familiar     Summ           0%         N/A       100%        3
 Dazzling Flash           Conj/Hex       0%         N/A       100%        3
 Frozen Ramparts          Ice            0%         1d1       100%        3
 Hailstorm                Conj/Ice       0%         3d3       100%        3
 Stone Arrow              Conj/Erth      0%         3d7       100%        3
 Summon Guardian Golem    Hex/Summ       0%         N/A       100%        3
 Tukima's Dance           Hex            0%         N/A       100%        3
 Vampiric Draining        Necr           0%         2d6       100%        3
 Vhi's Electric Charge    Tloc/Air       0%         N/A       100%        3
 Animate Armour           Summ/Erth      0%         N/A       100%        4
 Cause Fear               Hex            0%         N/A       100%        4
 Ice Form                 Ice/Tmut       0%         N/A       100%        4
 Iskenderun's Mystic Bla  Conj/Tloc      0%         2d3       100%        4
 Olgreb's Toxic Radiance  Pois           0%         N/A       100%        4
 Passage of Golubria      Tloc           0%         N/A       100%        4
 Petrify                  Tmut/Erth      0%         N/A       100%        4
 Summon Ice Beast         Ice/Summ       0%         N/A       100%        4
 Agony                    Necr           0%         N/A       100%        5
 Arcjolt                  Conj/Air       0%         1d10      100%        5
 Irradiate                Conj/Tmut      0%         3d11      100%        5
 Lightning Bolt           Conj/Air       0%         1d11      100%        5
 Silence                  Hex/Air        0%         N/A       100%        5
 Summon Forest            Summ/Tloc      0%         N/A       100%        5
 Summon Mana Viper        Hex/Summ       0%         N/A       100%        5
 Yara's Violent Unravell  Hex/Tmut       0%         3d3       100%        5
 Conjure Ball Lightning   Conj/Air       0%         3x3d7     100%        6
 Eringya's Noxious Bog    Tmut/Pois      0%         N/A       100%        6
 Starburst                Conj/Fire      0%         6d3       100%        6
 Summon Cactus Giant      Summ           0%         N/A       100%        6
 Dragon Form              Tmut           0%         N/A       100%        7
 Ozocubu's Refrigeration  Ice            0%         4d7       100%        7
 Summon Hydra             Summ           0%         N/A       100%        7
 Discord                  Hex            0%         N/A       100%        8
 Disjunction              Tloc           0%         N/A       100%        8
 Ignition                 Fire           0%         3d3       100%        8
 Lehudib's Crystal Spear  Conj/Erth      0%         10d2      100%        8
 Dragon's Call            Summ           0%         N/A       100%        9


Dungeon Overview and Level Annotations

Branches:
Dungeon (14/15)            Temple (1/1) D:5            Lair (5/5) D:8
 Shoals (0/4) Lair:2        Snake (0/4) Lair:2        Slime (0/5) Lair:5
    Orc (2/2) D:10            Elf (0/3) Orc:2        Vaults (0/5) D:13
  Sewer (visited)           IceCv (visited)

Altars:
Ashenzari
Cheibriados
Dithmenos
Elyvilon
Fedhas
Gozag
Hepliaklqana
Kikubaaqudgha
Makhleb
Nemelex Xobeh
Okawaru
Qazlal
Ru
Sif Muna
Trog
Uskayaw
Vehumet
Wu Jian
Xom
Yredelemnul
Zin
The Shining One
Beogh

Shops:
D:1 =   D:12 ?   D:14 *   Orc:1 [   Orc:2 **[=

Portals:
Pandemonium: Orc:2
Trove: D:11 (give +4 ice dragon scales)

Annotations:
D:14 Idogg's ghost, journeyman GrFi; Nucishy's ghost, adept DrAE


Message History

Idogg's ghost is almost destroyed.
You feel sick.
You are no longer poisoned.
Nucishy's ghost shouts, "They lied to you.
The Dungeon just goes down and down forever."
Aiming: Thunderbolt
Press: ? - help, Shift-Dir - straight line, f - Nucishy's ghost, p - Idogg's ghost
Aim: Nucishy's ghost (almost destroyed, covering ground quickly)
The thunderbolt hits Nucishy's ghost.
Nucishy's ghost resists.
Nucishy's ghost is almost destroyed.
The thunderbolt hits Idogg's ghost but does no damage.
Idogg's ghost is almost destroyed.
Idogg's ghost is no longer encased in ice.
Aiming: Thunderbolt
Press: ? - help, Shift-Dir - straight line, f/p - Nucishy's ghost
Aim: Nucishy's ghost (almost destroyed, covering ground quickly)
The thunderbolt hits Nucishy's ghost!
Nucishy's ghost resists.
Nucishy's ghost is almost destroyed.
The thunderbolt hits Idogg's ghost.
Idogg's ghost resists.
Idogg's ghost is almost destroyed.
You feel less protected from physical attacks.
Nucishy's ghost whispers, "They're coming for you..."
Nucishy's ghost waves its arms in wide circles.
The air twists around and strikes you!!
* * * LOW HITPOINT WARNING * * *
You feel much better. Idogg's ghost hits you.
* * * LOW HITPOINT WARNING * * *
You feel protected from physical attacks.
Okay, then.
Unknown command.
Unknown command.
Activating: Disaster Area (1% risk of failure)
Press: ? - help, Dir - look around, f - activate Nature churns violently around you!
The blast of rubble hits Nucishy's ghost but does no damage.
Nucishy's ghost is almost destroyed.
Idogg's ghost hits you!!
* * * LOW HITPOINT WARNING * * *
Nucishy's ghost waves its arms in wide circles.
The air twists around and strikes you!
You die...

..' +..?$'+'...# #..#...#..# ..'
'))[)'''..## ######..#...#..# ..'
+....)§'..# #.#.#..###.....# ..'
+':'†)'≈.# #.#.#.[####....# ..'
++'''''.≈## #.#.#....###...#
..'''''')'''≈..# #.#.#.##.##....#
..........≈..≈☼###.#.#.##.##.#..#
............≈..WW#...#..#.#..#.##
###.......######@.#.......#....#
..........# ##§°.##.........##
###.......# ###≈≈#.≈......(...)
###.......#####....≈≈#......#.###
.....#.#.....>..#.#....###..#.#
.....#...########.......##..#(###
.......### #....#####....<..#..
.....#<# #.##.# ##.........
.....#.#######....# #..........


You could see Idogg's ghost and Nucishy's ghost (swift).

Vanquished Creatures
  Rupert (D:13)
  Frances (D:13)
  Kirke (D:13)
  A very ugly thing (IceCv)
  The ghost of Pyqakag the Cleaver, a journeyman FoFi of Okawaru (D:14)
  The ghost of Nezimene the Cleaver, a journeyman FoFi of Okawaru (D:14)
  The ghost of Persephone the Severer, a journeyman MiBe of Trog (Orc:1)
  The ghost of Hiex the Fighter, a journeyman OpFi of Gozag (D:14)
  The ghost of Pijotal the Thaumaturge, a journeyman DjEE of Ashenzari (D:14)
  2 blizzard demons (IceCv)
  The ghost of bjtr the Arsonist, a journeyman GrFE of Vehumet (D:14)
  2 ettins
  An ogre mage (D:14)
  The ghost of Geacs the Basher, a journeyman GnWn of Qazlal (D:14)
  4 vault guards (D:13)
  4 centaur warriors
  3 hydras
  2 caustic shrike simulacra (IceCv)
  2 catoblepae
  2 boulder beetles (D:12)
  5 two-headed ogres
  A deep troll shaman (Lair:5)
  5 orc high priests (Orc:2)
  14 death yaks
  Amaemon (Lair:2)
  Sonja (Orc:1)
  6 spriggan simulacra (IceCv)
  2 deep elf pyromancers
  5 orc knights
  An obsidian statue (IceCv)
  11 ugly things
  8 orc sorcerers
  A faun (shapeshifter) (D:13)
  A wolf spider (D:14)
  5 elephants (Lair:5)
  7 cyclopes
  4 black mambas
  2 orange demons
  Joseph (D:9)
  3 unseen horrors
  5 gargoyles
  2 rime drakes
  10 cane toads
  7 komodo dragons
  An efreet (D:14)
  A rime drake (shapeshifter) (D:14)
  An anaconda simulacrum (IceCv)
  2 kobold demonologists (D:13)
  5 freezing wraiths (IceCv)
  7 ice devils
  A tengu conjurer (D:13)
  A red devil (Orc:2)
  A hellwing (Orc:2)
  A queen bee (Lair:2)
  4 polar bears
  5 trolls
  A wind drake (shapeshifter) (D:14)
  9 blink frogs
  Grinder (D:5)
  Sigmund (D:4)
  17 slime creatures
  73 yaks
  A dire elephant simulacrum (IceCv)
  2 vampires
  A shadow (D:10)
  2 wraiths
  The ghost of greenreed the Cudgeller, an amateur MiFi (D:3)
  4 wyverns
  The ghost of Bediveer the Trooper, an amateur FoFi (D:3)
  3 basilisks
  5 hogs (D:13)
  6 minotaur simulacra (IceCv)
  12 vampire mosquitoes
  A steam dragon (D:8)
  3 nagas (Lair:2)
  3 wargs (Orc:1)
  5 harpy simulacra
  5 acid dragons
  10 water moccasins
  29 orc warriors
  2 sky beasts
  5 black bears
  2 ice beasts (D:5)
  5 ogres
  A boggart (D:14)
  12 wolves
  2 centaurs
  The ghost of Wiilli the Digger, an amateur GrEE (D:3)
  5 kobold brigands
  15 bullfrogs
  2 gnoll sergeants
  A scorpion (D:5)
  3 necrophages
  7 deep troll simulacra (IceCv)
  8 wights
  42 killer bees
  3 lindwurm simulacra (IceCv)
  5 howler monkeys
  An electric eel (Lair:5)
  4 hounds
  6 jellies
  19 orc priests
  3 gnoll boudas
  2 iguanas (D:5)
  20 orc wizards
  19 gnolls
  5 adders
  A shadow imp (D:7)
  3 ufetubi
  3 worms
  3 dart slugs
  68 orcs
  16 ball pythons
  6 bats
  12 endoplasms
  18 giant cockroaches
  5 goblins
  6 hobgoblins
  3 jackals
  17 quokkas
  8 frilled lizards
  25 kobolds
  5 rats
  11 fungi
  28 plants
  4 withered plants (D:3)
809 creatures vanquished.

Notes
Turn   | Place    | Note
-------+----------+-------------------------------------------
     0 | D:1      | jfcaron the Hill Orc Artificer began the quest for the Orb.
     0 | D:1      | Reached XP level 1. HP: 16/16 MP: 1/1
   148 | D:1      | Reached skill level 1 in Stealth
   302 | D:1      | Reached skill level 1 in Dodging
   302 | D:1      | Reached XP level 2. HP: 23/23 MP: 2/2
   382 | D:1      | Reached skill level 1 in Axes
   529 | D:1      | Found Xucvaank's Jewellery Emporium.
   832 | D:2      | Reached XP level 3. HP: 29/29 MP: 3/3
   926 | D:2      | Reached skill level 2 in Axes
  1159 | D:2      | Reached XP level 4. HP: 37/37 MP: 4/4
  1798 | D:3      | Found a runed translucent gate.
  1798 | D:3      | Found a runed translucent gate.
  1799 | D:3      | Found a runed translucent gate.
  1801 | D:3      | Noticed Wiilli's ghost (amateur GrEE)
  1801 | D:3      | Noticed Bediveer's ghost (amateur FoFi)
  1801 | D:3      | Noticed greenreed's ghost (amateur MiFi)
  2348 | D:3      | Reached skill level 3 in Axes
  2348 | D:3      | Reached XP level 5. HP: 38/45 MP: 5/5
  2647 | D:4      | Noticed Sigmund
  2657 | D:4      | Killed Sigmund
  2658 | D:4      | Reached skill level 4 in Axes
  2658 | D:4      | Reached XP level 6. HP: 31/53 MP: 6/6
  2769 | D:4      | Reached skill level 5 in Axes
  2933 | D:4      | Reached XP level 7. HP: 55/60 MP: 7/7
  3188 | D:4      | Reached skill level 5 in Fighting
  3269 | D:4      | Reached skill level 5 in Armour
  3376 | D:5      | Entered Level 5 of the Dungeon
  3435 | D:5      | Found a staircase to the Ecumenical Temple.
  3451 | Temple   | Entered the Ecumenical Temple
  3478 | Temple   | Became a worshipper of Qazlal Stormbringer
  3717 | D:5      | Noticed Grinder
  3723 | D:5      | Paralysed by Grinder for 5 turns
  3730 | D:5      | Killed Grinder
  3731 | D:5      | Reached skill level 6 in Axes
  3731 | D:5      | Reached XP level 8. HP: 65/70 MP: 7/9
  4226 | D:5      | Reached skill level 7 in Axes
  4241 | D:5      | HP: 1/71 [ogre/+0 giant club (19)]
  5461 | D:6      | Reached skill level 8 in Axes
  5569 | D:6      | Found a glowing drain.
  5583 | Sewer    | Entered a sewer
  5629 | Sewer    | Reached * piety under Qazlal
  6055 | Sewer    | Reached XP level 9. HP: 79/79 MP: 12/12
  6436 | D:6      | Reached ** piety under Qazlal
  6661 | D:6      | Reached skill level 9 in Axes
  6724 | D:6      | Reached skill level 5 in Invocations
  7092 | D:7      | Reached skill level 10 in Axes
  7187 | D:7      | Noticed a troll
  7195 | D:7      | Killed a troll
  7491 | D:8      | Reached XP level 10. HP: 80/88 MP: 14/14
  7588 | D:8      | Killed an unseen horror
  7589 | D:8      | Reached skill level 11 in Axes
  7930 | D:8      | Reached *** piety under Qazlal
  7993 | D:8      | Found a staircase to the Lair.
  8003 | D:8      | Identified the +6 war axe of the Traitor {flame, rPois
                  | rF++}
  8173 | D:8      | Found a hazy altar of Hepliaklqana.
  8179 | D:8      | Found a shimmering blue altar of Sif Muna.
  8182 | D:8      | Found a sacrificial altar of Ru.
  8184 | D:8      | Found a shimmering altar of Xom.
  8184 | D:8      | Found a broken altar of Ashenzari.
  8188 | D:8      | Found a radiant altar of Vehumet.
  8188 | D:8      | Found a glowing silver altar of Zin.
  8189 | D:8      | Found a blossoming altar of Fedhas.
  8535 | D:9      | Reached skill level 12 in Axes
  8704 | D:9      | Noticed Joseph
  8707 | D:9      | Reached XP level 11. HP: 97/97 MP: 17/17
  8728 | D:9      | Killed Joseph
  8729 | D:9      | Reached skill level 13 in Axes
  8943 | D:9      | Reached **** piety under Qazlal
  9380 | D:10     | Entered Level 10 of the Dungeon
  9707 | D:10     | Reached skill level 10 in Fighting
  9908 | D:10     | Found a staircase to the Orcish Mines.
  9916 | D:10     | Reached skill level 14 in Axes
  9918 | D:10     | Found a roughly hewn altar of Beogh.
 10330 | D:1      | Bought the amulet "Wips" {Reflect Rampage Fly Regen+ SH+5}
                  | for 469 gold pieces
 10446 | D:3      | Killed Bediveer's ghost
 10449 | D:3      | Killed Wiilli's ghost
 10455 | D:3      | Killed greenreed's ghost
 10455 | D:3      | Reached ***** piety under Qazlal
 10642 | Lair:1   | Entered Level 1 of the Lair of Beasts
 11037 | Lair:1   | Reached skill level 10 in Armour
 11040 | Lair:1   | Reached skill level 10 in Invocations
 11042 | Lair:1   | Reached skill level 15 in Axes
 11091 | Lair:1   | Reached XP level 12. HP: 106/106 MP: 19/19
 11572 | Lair:2   | Reached skill level 16 in Axes
 11593 | Lair:2   | You are sucked into a shaft and drop 2 floors!
 11618 | Lair:4   | Reached skill level 1 in Throwing
 11695 | Lair:4   | Noticed a four-headed hydra
 11702 | Lair:4   | Killed a one-headed hydra
 11908 | Lair:2   | Noticed Amaemon
 11928 | Lair:2   | Killed Amaemon
 12063 | Lair:2   | Found a staircase to the Snake Pit.
 12208 | Lair:2   | Reached XP level 13. HP: 115/115 MP: 21/21
 12247 | Lair:2   | Found a staircase to the Shoals.
 13547 | Lair:4   | Reached skill level 5 in Evocations
 13555 | Lair:4   | Reached ****** piety under Qazlal
 14154 | Lair:5   | Entered Level 5 of the Lair of Beasts
 14177 | Lair:4   | HP: 19/116 [death yak (6)]
 14183 | Lair:4   | HP: 10/116 [death yak (13)]
 14196 | Lair:4   | Reached skill level 17 in Axes
 14510 | Lair:5   | Reached XP level 14. HP: 88/125 MP: 15/23
 14517 | Lair:5   | Reached skill level 5 in Throwing
 14942 | Lair:5   | Found a staircase to the Slime Pits.
 15525 | Orc:1    | Entered Level 1 of the Orcish Mines
 15709 | Orc:1    | Noticed Sonja
 15714 | Orc:1    | Killed Sonja
 15715 | Orc:1    | Reached skill level 5 in Dodging
 15872 | Orc:1    | Found Jinogaa's Antique Armour Shoppe.
 15875 | Orc:1    | Found a runed translucent door.
 15879 | Orc:1    | Noticed Persephone's ghost (journeyman MiBe)
 15954 | Orc:2    | Entered Level 2 of the Orcish Mines
 15954 | Orc:2    | Found a staircase to the Elven Halls.
 15979 | Orc:2    | HP: 17/126 [ettin/+0 dire flail (17)]
 15979 | Orc:2    | HP: 6/126 [orc priest/divine providence (11)]
 16199 | Orc:2    | Found Qias's General Store.
 16202 | Orc:2    | Found Urawn's General Store.
 16416 | Orc:2    | Reached skill level 18 in Axes
 16500 | Orc:2    | Found Banlotwa's Antique Armour Emporium.
 16500 | Orc:2    | Found a one-way gate leading to the halls of Pandemonium.
 16500 | Orc:2    | Found Xeyg Pimn's Jewellery Shoppe.
 16887 | Orc:2    | Bought a pair of gloves for 94 gold pieces
 16954 | Orc:1    | Bought a shiny plate armour for 572 gold pieces
 17010 | Orc:2    | Bought a scroll of immolation for 72 gold pieces
 17010 | Orc:2    | Bought a scroll of identify for 36 gold pieces
 17010 | Orc:2    | Bought a wand of mindburst (6) for 151 gold pieces
 17010 | Orc:2    | Bought a wand of roots (6) for 259 gold pieces
 17012 | Orc:2    | Bought a scroll of teleportation for 36 gold pieces
 17012 | Orc:2    | Bought a wand of mindburst (7) for 117 gold pieces
 17072 | Orc:1    | Killed Persephone's ghost
 17279 | D:11     | Found a portal to a secret trove of treasure.
 17665 | D:11     | Found a radiant altar of Vehumet.
 17870 | D:12     | Reached XP level 15. HP: 123/136 MP: 25/25
 17887 | D:12     | Identified the +4 morningstar of Juunuz {heavy, rCorr
                  | Dex+2}
 18091 | D:12     | Found Tatatafo's Magic Scroll Boutique.
 18099 | D:12     | Bought a scroll of blinking for 112 gold pieces
 18752 | D:12     | Identified the +1 leather armour of Nihilism {*Corrode rF+
                  | Str+6}
 18808 | D:13     | Identified the +3 chain mail of the Pink Corner {-Tele
                  | Regen+ Int+6}
 18948 | D:13     | Found a gate to the Vaults.
 18951 | D:13     | Noticed Rupert
 18960 | D:13     | Killed Rupert
 19069 | D:13     | Noticed Kirke
 19079 | D:13     | Killed Kirke
 19107 | D:13     | Found the +8 trishula "Condemnation" {holy, anguish, *Noise
                  | Fly rN+}
 19133 | D:13     | Found the +10 Black Knight's barding {ponderous, rPois rN+}
 19145 | D:13     | Reached skill level 15 in Invocations
 19257 | D:13     | Noticed Frances
 19266 | D:13     | Killed Frances
 19418 | D:14     | Found a frozen archway.
 19441 | IceCv    | Entered an ice cave
 19605 | IceCv    | Reached skill level 1 in Shields
 19793 | IceCv    | Reached XP level 16. HP: 147/147 MP: 27/27
 19796 | IceCv    | Reached skill level 5 in Shields
 20699 | D:14     | Found Hinweffe's Assorted Antiques.
 20706 | D:14     | Bought a fizzy pink potion for 36 gold pieces
 20706 | D:14     | Bought a potion of heal wounds for 205 gold pieces
 20776 | D:14     | Found a huge runed gate.
 20776 | D:14     | Found a huge runed gate.
 20776 | D:14     | Found a huge runed gate.
 20778 | D:14     | Found a huge runed gate.
 20778 | D:14     | Found a huge runed gate.
 20780 | D:14     | Found a huge runed gate.
 20780 | D:14     | Found a huge runed gate.
 20781 | D:14     | Found a huge runed gate.
 20782 | D:14     | Found a huge runed gate.
 20783 | D:14     | Found a huge runed gate.
 20784 | D:14     | Found a huge runed gate.
 20785 | D:14     | Found a huge runed gate.
 20786 | D:14     | Found a huge runed gate.
 20794 | D:14     | Found a huge runed gate.
 20794 | D:14     | Found a huge runed gate.
 20794 | D:14     | Found a huge runed gate.
 20794 | D:14     | Found a huge runed gate.
 20794 | D:14     | Found a huge runed gate.
 20795 | D:14     | Found a huge runed gate.
 20955 | D:14     | Found a huge runed gate.
 20955 | D:14     | Found a huge runed gate.
 20955 | D:14     | Found a huge runed gate.
 20955 | D:14     | Found a huge runed gate.
 20955 | D:14     | Found a huge runed gate.
 21022 | D:14     | Found a huge runed gate.
 21027 | D:14     | Found a huge runed gate.
 21027 | D:14     | Found a huge runed gate.
 21027 | D:14     | Found a huge runed gate.
 21027 | D:14     | Found a huge runed gate.
 21027 | D:14     | Found a huge runed gate.
 21028 | D:14     | Found a huge runed gate.
 21029 | D:14     | Found a huge runed gate.
 21030 | D:14     | Found a huge runed gate.
 21031 | D:14     | Found a huge runed gate.
 21038 | D:14     | Found a huge runed gate.
 21038 | D:14     | Found a huge runed gate.
 21166 | D:14     | Noticed Geacs's ghost (journeyman GnWn)
 21166 | D:14     | Noticed Pijotal's ghost (journeyman DjEE)
 21166 | D:14     | Noticed Idogg's ghost (journeyman GrFi)
 21167 | D:14     | Noticed Pyqakag's ghost (journeyman FoFi)
 21167 | D:14     | Noticed Nezimene's ghost (journeyman FoFi)
 21167 | D:14     | Noticed bjtr's ghost (journeyman GrFE)
 21168 | D:14     | Noticed Hiex's ghost (journeyman OpFi)
 21168 | D:14     | Noticed Nucishy's ghost (adept DrAE)
 21170 | D:14     | Killed bjtr's ghost
 21170 | D:14     | Killed Geacs's ghost
 21171 | D:14     | Killed Pijotal's ghost
 21171 | D:14     | Killed Hiex's ghost
 21173 | D:14     | Killed Pyqakag's ghost
 21174 | D:14     | Reached skill level 10 in Shields
 21189 | D:14     | HP: 26/147 [Nucishy's ghost/static electricity (13)]
 21191 | D:14     | Killed Nezimene's ghost
 21195 | D:14     | HP: 6/147 [Nucishy's ghost/the air (23)]
 21197 | D:14     | Killed from afar by Nucishy's ghost

Illustrated notes

Levels and vault maps discovered:
D:1:      doesnt_arrival_eight_statues, layout_loops_ring, serial_shops, shop
D:2:      layout_rooms, chequers_mini_garden
D:3:      layout_loops_ring, gammafunk_ghost_cemetery
D:4:      layout_basic, uniq_sigmund
D:5:      layout_basic, minmay_temple_entry_large_hall, serial_co_window_serial,
          co_window_paths_a, co_window_cross_1, co_window_paths_b,
          co_window_of_opportunity_a, co_window_paths_a,
          co_window_of_opportunity_c, co_window_broadway_a,
          co_window_broadway_a, co_window_unsneaky_path_a, co_window_corner_b,
          co_window_paths_e, co_window_4corner_b, glass_columns_a, st_stairs_4,
          uniq_grinder
D:6:      layout_loops_ring, portal_sewer_entry_b, grunt_decor_junction,
          nrook_uturn, st_stairs_6, chequers_serial_rivers_small_b,
          serial_park_tiny_1, hex_medium
D:7:      layout_rooms
D:8:      layout_loops_corners, grunt_temple_overflow_open, david_lair_generic,
          st_stairs_13, minmay_microvault
D:9:      layout_long_grid, blue_anna_alchemist, uniq_joseph
D:10:     layout_small_grid, minmay_orc_entry_temple_small
D:11:     layout_loops_cross, nicolae_trove_entry_crossroad, vehumet_crystals
D:12:     nooodl_glass_maze, layout_loops_ring, serial_shops, shop,
          minmay_between
D:13:     layout_rooms, lightli_vaults_fourway_checkpoint, uniq_rupert,
          uniq_kirke, uniq_frances
D:14:     layout_rooms, serial_shops, kennysheep_little_box,
          nicolae_twisting_strands, gammafunk_ghost_door_vault,
          portal_ice_cave_entry_pillars_2, hangedman_decor_push,
          kennysheep_generic_room_7
Temple:   eino_temple_water
Lair:1:   layout_cellular_growth
Lair:2:   layout_roguey [special_room_bee], elwin_shoals_entry_rocks,
          minmay_snake_entry_guardpost_small, uniq_amaemon
Lair:3:   layout_long_grid, grunt_megastairs_4, infiniplex_staircase_pool
Lair:4:   layout_misc_corridors, cheibrodos_lair_caveside_slide,
          grunt_megastairs_1, infiniplex_staircase_pool_2
Lair:5:   grunt_lair_end_beastmaster, layout_gridlike, slime_entry_1,
          lookout_lair_type
Orc:1:    layout_caves, gammafunk_ghost_grave, serial_shops, shop_fountains,
          uniq_sonja
Orc:2:    pf_orc_diabolical, layout_caves, nicolae_orc_stony_grotto,
          mines2_lemuel

Skill      XL: |  1  2  3  4  5  6  7  8  9 10 11 12 13 14 15 16 |
---------------+-------------------------------------------------+-----
Stealth        | 1 |  1.0
Dodging        | 1 3 4 6 7 |  7.0
Axes           | 1 2 3 4 5 6 8 10 12 15 16 17 18 | 18.0
Fighting       | 2 3 4 5 7 8 9 10 11 13 14 | 14.7
Armour         | 3 4 5 6 7 8 10 11 12 14 | 14.1
Invocations    | 2 4 6 8 10 11 12 13 15 | 15.0
Throwing       | 3 4 5 |  5.0
Evocations     | 4 6 7 |  7.0
Shields        | 4 10 | 10.2

Action                   |  1- 3 |  4- 6 |  7- 9 | 10-12 | 13-15 | 16-18 || total
-------------------------+-------+-------+-------+-------+-------+-------++-------
Melee: Club              |    28 |       |       |       |       |       ||    28
       Dagger            |   121 |   285 |   254 |       |       |       ||   660
       Punch             |     3 |     4 |    12 |    10 |    12 |       ||    41
       War axe           |       |       |   234 |   437 |   645 |    70 ||  1386
       Battleaxe         |       |       |    21 |    56 |       |       ||    77
       Trishula          |       |       |       |       |    86 |    42 ||   128
       Unarmed           |       |       |       |       |     1 |       ||     1
Throw: Dart              |       |       |    34 |       |     1 |       ||    35
       Stone             |       |       |    30 |       |       |       ||    30
       Boomerang         |       |       |    12 |       |       |       ||    12
Invok: Disaster Area     |       |       |       |       |     5 |     4 ||     9
       Upheaval          |       |       |       |       |     4 |       ||     4
       Elemental Force   |       |       |       |       |     1 |       ||     1
Evoke: Wand              |     8 |     5 |     7 |     1 |     6 |     1 ||    28
       Lightning rod     |       |       |       |       |     9 |     3 ||    12
       Box of beasts     |       |       |       |       |     3 |     1 ||     4
       Condenser vane    |       |       |       |       |       |     1 ||     1
  Use: Scroll            |       |       |    15 |     4 |     9 |     3 ||    31
       Potion            |       |       |     1 |     1 |     3 |     1 ||     6
 Stab: Petrified         |       |       |       |       |    14 |       ||    14
       Petrifying        |       |       |       |       |     4 |       ||     4
       Distracted        |       |       |       |       |     1 |     1 ||     2
Armor: Leather armour    |    17 |       |       |       |       |       ||    17
       Ring mail         |    69 |    39 |       |       |       |       ||   108
       Chain mail        |       |    81 |   242 |    64 |       |       ||   387
       Skin              |       |       |       |    16 |       |       ||    16
       Plate armour      |       |       |       |    63 |   210 |    36 ||   309
Dodge: Dodged            |   125 |   194 |   318 |   210 |   150 |    10 ||  1007
       Repelled          |       |       |       |     5 |       |     2 ||     7
Block: Other             |       |       |    17 |   177 |   305 |       ||   499
       Reflection        |       |       |       |     1 |    13 |     7 ||    21
       Tower shield      |       |       |       |       |    55 |   134 ||   189

Table legend: (Time is in decaauts)
 A = Elapsed time spent in this place.
 B = Non-inter-level travel time spent in this place.
 C = Inter-level travel time spent in this place.
 D = Time resting spent in this place.
 E = Time spent auto-exploring this place.
 F = Levels seen in this place.
 G = Mean time per level.
                   A        B        C        D        E       F      G
               +--------+--------+--------+--------+--------+-----+--------+
         Total |  21028 |  19109 |   1919 |   1670 |  12792 |  24 |  876.2 |
       Dungeon |  12942 |  11655 |   1287 |    589 |   8032 |  14 |  924.4 |
        Temple |    228 |    209 |     19 |      0 |    184 |   1 |  228.0 |
          Lair |   4667 |   4290 |    377 |    347 |   3316 |   5 |  933.4 |
  Orcish Mines |   1538 |   1302 |    236 |    105 |    812 |   2 |  769.0 |
         Sewer |    607 |    607 |      0 |    200 |    107 |   1 |  607.0 |
      Ice Cave |   1044 |   1044 |      0 |    429 |    340 |   1 | 1044.0 |
               +--------+--------+--------+--------+--------+-----+--------+

Top non-repeatable levels by time:
     D:5: 1859 daAuts
     D:8: 1157 daAuts
     D:6: 1075 daAuts
   IceCv: 1044 daAuts
  Lair:4: 1033 daAuts
     D:3: 1013 daAuts
  Lair:3: 994 daAuts
  Lair:5: 987 daAuts
   Orc:2: 973 daAuts
  Lair:1: 960 daAuts
     D:1: 933 daAuts
     D:9: 923 daAuts
    D:12: 895 daAuts
     D:4: 868 daAuts
     D:2: 857 daAuts

Table legend:
 A = Kills in this place as a percentage of kills in entire the game.
 B = Kills by you in this place as a percentage of kills by you in the entire game.
 C = Kills by friends in this place as a percentage of kills by friends in the entire game.
 D = Other kills in this place as a percentage of other kills in the entire game.
 E = Experience gained in this place as a percentage of experience gained in the entire game.
 F = Experience gained in this place divided by the number of levels of this place that you have seen.
                   A       B       C       D       E      F
               +-------+-------+-------+-------+-------+----------------------
         Total | 100.0 | 100.0 | 100.0 | 100.0 | 100.0 | 6388.8
       Dungeon |  49.6 |  49.7 |  33.3 |  80.0 |  44.6 | 4889.0
          Lair |  22.0 |  22.5 |   0.0 |   0.0 |  30.4 | 9308.4
  Orcish Mines |  17.1 |  16.5 |  66.7 |   0.0 |  14.3 | 10960.0
         Sewer |   5.4 |   5.5 |   0.0 |   0.0 |   0.2 | 254.0
      Ice Cave |   5.9 |   5.9 |   0.0 |  20.0 |  10.5 | 16169.0
               +-------+-------+-------+-------+-------+----------------------
